General information
- name: cGz.Perfect P:|| L:22
- type: Custom game
- host: cGz.Perfect
- saver: Jalal
map: SecretValley
- players: 11
- length: 12:14
- speed: Fast
- version: 1.24 W3XP
- replay type: Public
» download(91 KB)
Players
team 1 (loser)
Mojawi)ReMinD (
red | 192 APM | 2350 actions | 12:12)
3 Demon Hunter
2 Mana Burn
1 Evasion
2 Pandaren Brewmaster
1 Breath of Fire
1 Drunken Haze
» actions
| Assign group hotkey | 33 | |
| Basic commands | 24 | |
| Build / train | 54 | |
| ESC pressed | 4 | |
| Enter build submenu | 15 | |
| Enter hero's abilities submenu | 5 | |
| Give item / drop item | 1 | |
| Right click | 1105 | |
| Select / deselect | 378 | |
| Select group hotkey | 641 | |
| Use ability | 90 | |
2350 total
» units
| Wisp | 17 | |
| Archer | 1 | |
| Huntress | 2 | |
| Dryad | 2 | |
| Druid of the Claw | 7 | |
29 total
» upgrades
| Ultravision | 1 | |
| Abolish Magic | 1 | |
| Druid of the Claw Training | 2 | |
4 total
» buildings
| Altar of Elders | 1 | |
| Moon Well | 4 | |
| Ancient of War | 1 | |
| Hunter's Hall | 1 | |
| Tree of Ages | 3 | |
| Ancient of Wonders | 2 | |
| Ancient of Lore | 2 | |
| Tree of Eternity | 1 | |
15 total
» build order
00:05 Altar of Elders
00:16 Moon Well
00:23 Ancient of War
01:55 Hunter's Hall
02:03 Moon Well
03:13 Tree of Ages
03:13 Tree of Ages
03:13 Tree of Ages
04:18 Moon Well
05:25 Ancient of Wonders
05:35 Ancient of Lore
05:55 Tree of Eternity
06:07 Ancient of Lore
06:56 Moon Well
10:49 Ancient of Wonders
» items
| Boots of Speed | 2 | |
| Staff of Preservation | 1 | |
| Orb of Venom | 1 | |
| Scroll of Healing | 3 | |
| Potion of Healing | 1 | |
8 total
team 2 (winner)
Starshaped (
pink | 120 APM | 1463 actions | 12:13)
3 Archmage
2 Summon Water Elemental
1 Brilliance Aura
3 Naga Sea Witch
1 Frost Arrows
2 Forked Lightning
» actions
| Assign group hotkey | 28 | |
| Basic commands | 49 | |
| Build / train | 45 | |
| Enter build submenu | 24 | |
| Enter hero's abilities submenu | 6 | |
| Give item / drop item | 1 | |
| Right click | 576 | |
| Select / deselect | 263 | |
| Select group hotkey | 415 | |
| Use ability | 56 | |
1463 total
» units
| Peasant | 8 | |
| Footman | 6 | |
| Rifleman | 7 | |
| Priest | 3 | |
| Sorceress | 1 | |
| Spell Breaker | 2 | |
27 total
» upgrades
» buildings
| Altar of Kings | 1 | |
| Barracks | 1 | |
| Farm | 11 | |
| Keep | 1 | |
| Blacksmith | 1 | |
| Arcane Vault | 1 | |
| Arcane Sanctum | 1 | |
17 total
» build order
00:07 Altar of Kings
00:19 Barracks
00:34 Farm
01:04 Farm
01:33 Farm
02:48 Keep
03:12 Blacksmith
03:34 Farm
03:37 Arcane Vault
03:45 Farm
05:14 Farm
05:16 Farm
05:20 Arcane Sanctum
06:09 Farm
06:24 Farm
06:24 Farm
08:36 Farm
» items
| Dust of Appearance | 1 | |
| Scroll of Regeneration | 2 | |
| Lesser Clarity Potion | 1 | |
| Scroll of Healing | 1 | |
5 total
observerscGz.Perfect,
DarkTeuFel,
Ventrit,
Jalal,
raier,
MarTT,
UndeadHope,
Chr1z.,
APM.Reaper- Chat log
(00:28 / All) Starshaped: hf
(00:32 / All) Mojawi)ReMinD: gg
(00:44 / Observers) Jalal: imagine he means the other thing with "gg"
(00:46 / Observers) Jalal: :D
(00:51 / All) Starshaped: i read that your bnet acc got banned
(00:53 / All) Starshaped: is that true?
(00:56 / All) Mojawi)ReMinD: ye
(01:00 / All) Starshaped: =S
(01:23 / Observers) APM.Reaper-: stream on ?
(03:31 / Observers) Jalal: remind got it`?
(03:37 / Observers) DarkTeuFel: y
(03:39 / Observers) Chr1z.: remind win
(03:46 / Observers) MarTT: remind are good?
(03:47 / Observers) APM.Reaper-: its like duh
(03:48 / Observers) DarkTeuFel: clear
(03:57 / Observers) APM.Reaper-: MarTT u dnt knw remind ?
(04:00 / Observers) MarTT: no
(04:02 / Observers) Jalal: good
(04:07 / Observers) APM.Reaper-: 16 times zotac cup champion
(04:07 / Observers) Jalal: dont tell him
(04:08 / Observers) APM.Reaper-: YY
(04:11 / Observers) APM.Reaper-: TT*
(04:11 / Observers) MarTT: really?
(04:14 / Observers) MarTT: hohohoho
(04:21 / Observers) MarTT: i dont believe you
(04:26 / Observers) MarTT: its not real
(04:50 / Observers) APM.Reaper-: dnt believe me
(04:51 / Observers) APM.Reaper-: dnt
(04:54 / Observers) APM.Reaper-: but I dnt lie
(05:01 / Observers) Jalal: you o broken? oO
(05:03 / Observers) MarTT: stop ping
(05:07 / Observers) Jalal: nvm
(05:20 / Observers) Jalal: block fail
(05:22 / Observers) Jalal: ...
(05:57 / Observers) Jalal: its strange how pros can play with nomrla players
(06:03 / Observers) Jalal: STOP PING
(06:07 / Observers) UndeadHope: wow )
(06:34 / Observers) APM.Reaper-: it is very hard to play vs pro
(06:38 / Observers) APM.Reaper-: especailly at lan
(06:45 / Observers) DarkTeuFel: a really?
(06:49 / Observers) DarkTeuFel: xD
(06:50 / Observers) Jalal: look one tower he needs
(07:38 / Observers) Chr1z.: not rly pro like
(07:38 / Observers) Chr1z.: :P
(07:39 / Observers) Jalal: mana pot @ panda
(07:57 / Observers) Jalal: ..............
(08:00 / Observers) UndeadHope: ah
(08:02 / Observers) Jalal: dh got item
(08:21 / Observers) MarTT: stop
(08:23 / Observers) MarTT: guys
(08:25 / Observers) raier: omg
(08:27 / Observers) Chr1z.: kiddys
(08:40 / Observers) MarTT: stop
(08:41 / Observers) Jalal: that pinging guy is laughing while we ytpe stop
(08:41 / Observers) MarTT: pls
(09:01 / Observers) Ventrit: /stopminimapsignals
(09:03 / Observers) Jalal: be ashamed pls pinging guy
(09:10 / Observers) Ventrit: (
(09:11 / Observers) DarkTeuFel: remind lose xD
(09:13 / Observers) cGz.Perfect: lol
(09:21 / Observers) Jalal: go starshaped!
(09:55 / Observers) Jalal: tp pl
(09:57 / Observers) Jalal: plz
(09:58 / Observers) MarTT: gg
(10:15 / Observers) UndeadHope: yep
(10:16 / Observers) UndeadHope: gg
(10:20 / Observers) cGz.Perfect: looool
(10:24 / Observers) Jalal: remind thrown out
(10:27 / Observers) cGz.Perfect: starshaped
(10:29 / Observers) cGz.Perfect: will cherish this game
(10:32 / Observers) cGz.Perfect: for the rest of his life
(10:32 / Observers) APM.Reaper-: unbelieveable
(10:39 / Observers) UndeadHope: ye
(10:45 / Observers) UndeadHope: from he?
(11:20 / Observers) UndeadHope: omg
(11:37 / Observers) Jalal: final starshaped vs grubby
(11:45 / Observers) UndeadHope: ))
(11:46 / Observers) APM.Reaper-: can be
(11:56 / Observers) Ventrit: grubby play zotac now ?
(12:01 / Observers) UndeadHope: ?>
(12:03 / Observers) Jalal: yes
(12:05 / Observers) Chr1z.: y
(12:08 / Observers) Chr1z.: he play vs kas
(12:10 / Observers) Chr1z.: atm
(12:11 / Observers) MarTT: nice
(12:11 / All) Mojawi)ReMinD: gg